 Dungeon Crawl Stone Soup version 0.20.1-1-g8b1a95d (console) character file.

118286 Kloppie the Fencer (level 16, 0/187 HPs)
             Began as a Merfolk Gladiator on July 23, 2017.
             Was the Champion of Makhleb.
             Slain by a centaur warrior (5 damage)
             ... on level 15 of the Dungeon.
             The game lasted 00:49:47 (25217 turns).

Kloppie the Fencer (Merfolk Gladiator)             Turns: 25217, Time: 00:49:47

Health: 0/187      AC: 32    Str: 15    XL:     16   Next: 76%
Magic:  12/23      EV:  2    Int:  8    God:    Makhleb [******]
Gold:   642        SH:  0    Dex: 21    Spells: 17/25 levels left

rFire    . . .     SeeInvis .   a - +7 great sword (freeze)
rCold    . . .     Gourm    .   (shield currently unavailable)
rNeg     + + +     Faith    .   (armour currently unavailable)
rPois    +         Spirit   .   (helmet currently unavailable)
rElec    .         Reflect  .   (cloak currently unavailable)
rCorr    .         Harm     .   (gloves currently unavailable)
MR       +....     NoTele   +   (boots currently unavailable)
Stlth    ++........             E - amulet of regeneration
Regen    0.9/turn               w - +4 ring of protection
MPRegen  0.2/turn               O - ring "Dixen" {Wiz rN+}

@: tree-form
A: (change form in water), (swift swim), (stealthy swim)
a: Minor Destruction, Lesser Servant of Makhleb, Major Destruction, Greater
Servant of Makhleb, Renounce Religion


You were on level 15 of the Dungeon.
You worshipped Makhleb.
Makhleb was exalted by your worship.
You were hungry.
You were a tree.
You visited 3 branches of the dungeon, and saw 22 of its levels.
You also visited: Labyrinth and Sewer.

You collected 2494 gold pieces.
You spent 1852 gold pieces at shops.

Inventory:

Hand Weapons
 a - a +7 great sword of freezing (weapon)
 b - a +2 long sword of flaming
 m - the cursed +2 trident "Qiat" {antimagic, rPois rF+ rC+}
   (You found it on level 9 of the Dungeon)

   It reduces the magical energy of the wielder, and disrupts the spells and
   magical abilities of those hit.
   Natural abilities and divine invocations are not affected.
   It protects you from fire.
   It protects you from cold.
   It protects you from poison.
   It has a curse placed upon it.
Missiles
 t - 45 tomahawks (quivered)
 u - 2 tomahawks of dispersal
 H - 5 steel tomahawks
Armour
 c - a +1 helmet (melded)
 p - a cursed +0 pair of boots (melded)
 r - a +1 cloak of poison resistance (melded)
 B - a +2 ring mail of positive energy
 K - a +0 cloak of magic resistance
 T - the +1 ring mail of Inviolability {+Blink rF+ Str+2}
   (You found it on level 15 of the Dungeon)

   It affects your strength (+2).
   It protects you from fire.
   It lets you blink.
 V - +0 steam dragon scales (melded)
Jewellery
 v - an uncursed amulet of magic regeneration
 w - a +4 ring of protection (left branch)
 E - an amulet of regeneration (around neck)
 G - a +4 ring of strength
 O - the ring "Dixen" (right branch) {Wiz rN+}
   (You found it on level 6 of the Lair of Beasts)

   [ring of wizardry]

   It improves your spell success rate.
   It protects you from negative energy.
Wands
 J - a wand of lightning (4/15)
 P - a wand of flame (31/48)
Scrolls
 e - a scroll of fear
 i - 2 scrolls of blinking
 s - 6 scrolls of amnesia
 x - 3 scrolls of fog
 y - 5 scrolls of magic mapping
 C - 8 scrolls of teleportation
 F - 5 scrolls of recharging
 M - a scroll of enchant weapon
 N - a scroll of identify
 X - 3 scrolls of remove curse
Potions
 d - 4 potions of cancellation
 n - 6 potions of brilliance
 o - 3 potions of flight
 z - 8 potions of curing
 A - 5 potions of haste
 I - a potion of resistance
 L - a potion of lignification
 Q - 4 potions of agility
 R - a potion of magic
 S - 3 potions of invisibility
Books
 h - Sif Muna's Disquisition on Lucky Confrontation
   (You bought it in a shop on level 9 of the Dungeon)

   Spells                             Type                      Level
   a - Shroud of Golubria             Charms/Translocation         2
   b - Searing Ray                    Conjuration                  2
   c - Ozocubu's Armour               Charms/Ice                   3
   d - Stone Arrow                    Conjuration/Earth            3
   e - Force Lance                    Conjuration/Translocation    4
   f - Deflect Missiles               Charms/Air                   6
 l - a book of Necromancy

   Spells                             Type                      Level
   a - Pain                           Necromancy                   1
   b - Animate Skeleton               Necromancy                   1
   c - Vampiric Draining              Necromancy                   3
   d - Regeneration                   Charms/Necromancy            3
   e - Animate Dead                   Necromancy                   4
   f - Control Undead                 Necromancy                   4
 D - a book of Cantrips

   Spells                             Type                      Level
   a - Confusing Touch                Hexes                        1
   b - Animate Skeleton               Necromancy                   1
   c - Summon Small Mammal            Summoning                    1
   d - Apportation                    Translocation                1
Comestibles
 f - 13 bread rations
 g - 6 royal jellies
 j - a chunk of flesh
 k - 9 meat rations
 q - a fruit


   Skills:
 + Level 11.2 Fighting
 - Level 20.0 Long Blades
 - Level 2.0 Throwing
 - Level 3.9 Armour
 - Level 15.0 Dodging
 - Level 5.1 Spellcasting
 - Level 8.2 Charms
 - Level 5.0 Necromancy
 + Level 8.1 Ice Magic
 - Level 2.9 Invocations


You had 17 spell levels left.
You knew the following spells:

 Your Spells              Type           Power        Failure   Level  Hunger
a - Regeneration          Chrm/Necr      ##........   1%          3    ###....
b - Shroud of Golubria    Chrm/Tloc      #.........   3%          2    ##.....
c - Ozocubu's Armour      Chrm/Ice       ###.....     1%          3    ###....


Dungeon Overview and Level Annotations

Branches:
Dungeon (13/15)            Temple (0/1) D:7            Lair (6/6) D:11
 Shoals (0/4) Lair:4        Snake (0/4) Lair:4        Slime (0/5) Lair:6
    Orc (2/2) D:10            Elf (0/3) Orc:2        Depths (0/5) D:15
 Vaults: D:13-14

Altars:
Dithmenos
Gozag
Makhleb
Nemelex Xobeh
Okawaru
Sif Muna
Trog
Vehumet
Yredelemnul
The Shining One
Beogh

Shops:
D:4 (   D:9 :   Orc:1 (   Orc:2 }(=:?

Annotations:
D:8 2 transporters
Lair:6 exclusion: 4 oklob plants


Message History

The sky beast hits you but does no damage.
The rakshasa hits you with a long sword.
* * * LOW HITPOINT WARNING * * *
The wight hits you but does no damage.
You feel better.
The centaur warrior hits you but does no damage.
Something hits you.
* * * LOW HITPOINT WARNING * * *
Deactivating autopickup; reactivate with Ctrl-A.
The centaur warrior hits you!
* * * LOW HITPOINT WARNING * * *
The sky beast hits you but does no damage.
Something hits you.
* * * LOW HITPOINT WARNING * * *
The rakshasa blinks!
You cannot move.
You slash the sky beast! You freeze the sky beast.
The sky beast is severely wounded.
The centaur warrior hits you.
You die...

.....# .8..##### #...
.8......# #..# .)......#
#..###### #########
'........ #####
#........ #...#
#(CZ..... # ####...#
#W{z..... # #......#
#♣Yz.....
#....#..##'#####ec######
#....#..#......z.<......
#....#..#.......((......
#....#..#........R......
#....##'#...............
#....#..#...............
#....#..#...............
###'###'#...............


You could see a rakshasa, a centaur warrior, a cyclops, a deep elf mage, a
hungry ghost, a sky beast, 3 wights and a centaur warrior skeleton.

Vanquished Creatures
  Agnes (D:15)
  The ghost of ANON1729 the Devastator, a journeyman TeCj of Vehumet (Orc:2)
  An orc warlord (Orc:2)
  Nessos (Lair:5)
  An ettin (Orc:2)
  A minotaur (Lab)
  A fire dragon (Lair:4)
  Erolcha (Orc:2)
  3 hydras
  A catoblepas (D:15)
  4 centaur warriors
  9 two-headed ogres
  The ghost of Blowhard the Nimble, a journeyman SpAM of Okawaru (D:12)
  2 ogre magi (Orc:2)
  A tengu warrior (D:13)
  A vampire mage (D:15)
  12 death yaks
  A spark wasp zombie (D:15)
  2 skeletal warriors (D:15)
  2 deep trolls (Orc:2)
  The ghost of Knicklaso the Skirmisher, a novice OgBe of Trog (D:6)
  An unseen horror (D:10)
  A necromancer (D:15)
  3 orc knights (Orc:2)
  2 orc sorcerers (Orc:2)
  An oklob plant (Lair:5)
  2 ugly things
  2 deep elf magi
  2 cyclopes (Orc:2)
  2 manticores
  A molten gargoyle (Orc:2)
  A black mamba (Lair:5)
  2 gargoyles
  26 spiny frogs
  10 komodo dragons
  13 rime drakes
  4 tyrant leeches (Lair:6)
  13 trolls
  A hornet (D:13)
  4 polar bears (Lair:6)
  6 hippogriffs
  26 blink frogs
  3 slime creatures (D:13)
  A deep troll zombie (D:15)
  An ettin skeleton (D:15)
  A water elemental (D:12)
  A spriggan skeleton (D:15)
  46 yaks
  A tarantella (shapeshifter) (D:13)
  A shadow (D:15)
  Sigmund (D:2)
  2 wraiths
  3 wyverns
  A fire elemental (Orc:2)
  9 steam dragons
  6 vampire mosquitoes (Lair:6)
  2 hungry ghosts (D:10)
  5 wargs
  5 nagas (Lair:4)
  Edmund (D:4)
  An acid dragon (D:13)
  21 water moccasins
  12 porcupines
  22 orc warriors
  2 sky beasts
  5 ice beasts
  28 ogres
  2 black bears
  3 boggarts (D:15)
  A necrophage (D:9)
  5 wolves (Lair:6)
  10 centaurs
  2 phantoms
  13 crocodiles
  2 big kobolds
  28 bullfrogs
  A gnoll sergeant (D:12)
  5 scorpions
  13 killer bees
  13 wights
  An electric eel (Lair:6)
  2 centaur zombies
  2 bullfrog zombies
  8 crimson imps
  A quasit (D:9)
  6 jellies
  2 bullfrog skeletons
  21 orc wizards
  8 orc priests
  Crazy Yiuf (D:2)
  9 hounds
  4 centaur skeletons
  5 iguanas
  Ijyb (D:5)
  2 hell rats (D:11)
  6 worker ants
  A hound skeleton (D:4)
  A worker ant zombie (D:8)
  Robin (D:2)
  8 gnolls
  30 adders
  8 river rats
  3 shadow imps
  3 oozes
  2 worms
  6 dart slugs
  A leopard gecko (D:5)
  85 orcs
  4 giant cockroaches
  13 goblins
  11 hobgoblins
  11 jackals
  15 kobolds
  7 quokkas
  15 ball pythons
  6 bats (D:1)
  9 frilled lizards
  A jackal zombie (D:5)
  A quokka zombie (D:9)
  25 rats
  A plant (Lair:5)
797 creatures vanquished.

Vanquished Creatures (others)
  12 fungi (Lair:6)
  52 plants
64 creatures vanquished.

Grand Total: 861 creatures vanquished

Notes
Turn   | Place    | Note
-------+----------+-------------------------------------------
     0 | D:1      | Kloppie the Merfolk Gladiator began the quest for the Orb.
     0 | D:1      | Reached XP level 1. HP: 16/16 MP: 1/1
    82 | D:1      | Reached XP level 2. HP: 19/23 MP: 2/2
   390 | D:1      | Reached skill level 4 in Long Blades
   390 | D:1      | Reached XP level 3. HP: 29/29 MP: 3/3
  1022 | D:2      | Noticed Robin
  1040 | D:2      | Reached XP level 4. HP: 17/35 MP: 4/4
  1056 | D:2      | Killed Robin
  1365 | D:2      | Found a runed door.
  1390 | D:2      | Noticed Sigmund
  1405 | D:2      | Killed Sigmund
  1405 | D:2      | Reached skill level 5 in Fighting
  1405 | D:2      | Reached skill level 5 in Long Blades
  1405 | D:2      | Reached XP level 5. HP: 23/44 MP: 5/5
  1405 | D:2      | Reached XP level 6. HP: 27/51 MP: 6/6
  1722 | D:2      | Found a burning altar of Makhleb.
  1947 | D:2      | Became a worshipper of Makhleb the Destroyer
  2268 | D:2      | Noticed Crazy Yiuf
  2280 | D:2      | Paralysed by Crazy Yiuf for 7 turns
  2289 | D:2      | Killed Crazy Yiuf
  2649 | D:3      | Found an iron altar of Okawaru.
  2996 | D:3      | Reached * piety under Makhleb
  3202 | D:4      | Reached skill level 6 in Long Blades
  3202 | D:4      | Reached skill level 5 in Dodging
  3205 | D:4      | Found a radiant altar of Vehumet.
  3252 | D:4      | Found Vewn's Antique Weapon Emporium.
  3287 | D:4      | Reached XP level 7. HP: 56/56 MP: 7/7
  3307 | D:4      | Found a glowing drain.
  3316 | Sewer    | Entered a sewer
  3399 | Sewer    | Reached ** piety under Makhleb
  3638 | Sewer    | Reached skill level 7 in Long Blades
  3826 | D:4      | Found a deep blue altar of Sif Muna.
  3828 | D:4      | Found a basalt altar of Yredelemnul.
  3833 | D:4      | Found a sparkling altar of Nemelex Xobeh.
  3913 | D:4      | Reached XP level 8. HP: 62/62 MP: 8/8
  3937 | D:4      | Noticed Edmund
  3960 | D:4      | Killed Edmund
  4116 | D:5      | Entered Level 5 of the Dungeon
  4132 | D:4      | Reached *** piety under Makhleb
  4143 | D:4      | Reached skill level 8 in Long Blades
  4483 | D:5      | Found a shadowy altar of Dithmenos.
  4718 | D:5      | Found an opulent altar of Gozag.
  4802 | D:5      | Noticed Ijyb
  4817 | D:5      | Killed Ijyb
  5059 | D:5      | Reached skill level 9 in Long Blades
  5344 | D:6      | Reached XP level 9. HP: 68/68 MP: 9/9
  5535 | D:6      | Reached **** piety under Makhleb
  5885 | D:6      | Noticed Knicklaso's ghost (novice OgBe)
  5908 | D:6      | Killed Knicklaso's ghost
  5908 | D:6      | Reached skill level 10 in Long Blades
  6395 | D:7      | Reached XP level 10. HP: 70/80 MP: 10/10
  6413 | D:7      | Found a staircase to the Ecumenical Temple.
  6440 | D:7      | Reached skill level 11 in Long Blades
  7381 | D:8      | Reached skill level 1 in Invocations
  7452 | D:8      | Found a burning altar of Makhleb.
  7845 | D:8      | Found a glowing golden altar of the Shining One.
  7845 | D:8      | Noticed a deep elf archer
  7846 | D:8      | Found a transporter.
  7866 | D:8      | Found a transporter.
  8306 | D:9      | Got an encrusted trident
  8615 | D:9      | Found Koupetziw's Book Shoppe.
  8696 | D:9      | Reached skill level 1 in Armour
  8810 | D:4      | Bought a glowing long sword for 156 gold pieces
  8861 | D:6      | Reached skill level 12 in Long Blades
  9387 | D:10     | Entered Level 10 of the Dungeon
  9446 | D:9      | Reached ***** piety under Makhleb
  9747 | D:10     | Killed an unseen horror
  9747 | D:10     | Reached XP level 11. HP: 50/90 MP: 13/13
  9863 | D:10     | Reached skill level 10 in Fighting
  9917 | D:10     | Reached skill level 13 in Long Blades
 10216 | D:10     | Found a staircase to the Orcish Mines.
 10295 | D:10     | Identified the cursed +2 trident "Qiat" {antimagic, rPois rF+ rC+} (You found it on level 9 of the Dungeon)
 10333 | D:11     | Noticed a death yak
 10334 | D:11     | Noticed a death yak
 10357 | D:10     | HP: 2/92 [death yak (25)]
 10364 | D:10     | Killed a death yak
 10657 | D:11     | Noticed a death yak
 10674 | D:10     | Killed a death yak
 10674 | D:10     | Reached skill level 10 in Dodging
 10734 | Orc:1    | Entered Level 1 of the Orcish Mines
 11056 | Orc:1    | Found Atuorgh's Weapon Shoppe.
 11186 | Orc:1    | Found a roughly hewn altar of Beogh.
 11805 | D:10     | Killed a death yak
 11958 | D:11     | Found a staircase to the Lair.
 11963 | D:11     | Noticed a manticore
 11972 | D:11     | Reached skill level 14 in Long Blades
 11974 | D:11     | Killed a manticore
 12006 | D:11     | Noticed a white ugly thing
 12176 | D:11     | Killed a white ugly thing
 12761 | D:11     | Reached XP level 12. HP: 97/98 MP: 14/14
 13226 | Lair:1   | Entered Level 1 of the Lair of Beasts
 13662 | Lair:1   | Reached ****** piety under Makhleb
 13932 | Lair:2   | Reached skill level 15 in Long Blades
 14821 | Lair:3   | Noticed a seven-headed hydra
 15058 | Lair:3   | HP: 3/98 [two-headed hydra (10)]
 15060 | Lair:3   | Killed a one-headed hydra
 15907 | Lair:3   | Reached skill level 16 in Long Blades
 16175 | Lair:4   | Reached XP level 13. HP: 94/104 MP: 15/15
 16539 | Lair:4   | Noticed a fire dragon
 16862 | Lair:4   | Killed a fire dragon
 16988 | Lair:4   | Found a staircase to the Snake Pit.
 17433 | Lair:3   | HP: 1/104 [death yak (26)]
 17820 | Lair:4   | Reached skill level 17 in Long Blades
 17825 | Lair:4   | Reached skill level 15 in Dodging
 17844 | Lair:4   | Learned a level 3 spell: Regeneration
 17869 | Lair:4   | Found a staircase to the Shoals.
 18011 | Lair:4   | Reached skill level 1 in Charms
 18554 | Lair:5   | Reached XP level 14. HP: 111/111 MP: 16/16
 18559 | Lair:5   | Reached skill level 5 in Charms
 18709 | Lair:5   | Noticed Nessos
 18725 | Lair:5   | Killed Nessos
 19408 | D:12     | Found a labyrinth entrance.
 19423 | Lab      | Entered a labyrinth
 19967 | Lab      | Identified Ziozyovo's Tome of Flight
 19969 | Lab      | Got a crude leather armour
 19972 | Lab      | Identified the +1 leather armour of the Rose {rF+} (You found it in a labyrinth)
 19982 | D:12     | Reached skill level 5 in Necromancy
 19982 | D:12     | Reached XP level 15. HP: 87/117 MP: 17/17
 20066 | D:12     | Reached skill level 18 in Long Blades
 20377 | D:12     | Noticed Blowhard's ghost (journeyman SpAM)
 20397 | D:12     | Killed Blowhard's ghost
 21268 | D:9      | Bought Sif Muna's Disquisition on Lucky Confrontation for 772 gold pieces
 21272 | D:9      | Learned a level 2 spell: Shroud of Golubria
 21276 | D:9      | Learned a level 3 spell: Ozocubu's Armour
 21461 | Lair:5   | Reached skill level 1 in Ice Magic
 21490 | Lair:6   | Entered Level 6 of the Lair of Beasts
 21817 | Lair:6   | Reached skill level 5 in Ice Magic
 22137 | Lair:6   | Reached skill level 1 in Spellcasting
 22228 | Lair:6   | Got a fine marble ring
 22230 | Lair:6   | Identified the ring "Dixen" {Wiz rN+} (You found it on level 6 of the Lair of Beasts)
 22518 | Lair:6   | Reached skill level 19 in Long Blades
 22530 | Lair:6   | Found a staircase to the Slime Pits.
 22859 | Orc:2    | Entered Level 2 of the Orcish Mines
 23076 | Orc:2    | Found Ruconag's Book Boutique.
 23077 | Orc:2    | Found Eceaxidgh's Weapon Emporium.
 23090 | Orc:2    | Reached XP level 16. HP: 111/123 MP: 12/21
 23164 | Orc:2    | Reached skill level 5 in Spellcasting
 23209 | Orc:2    | Found Cicluys's Magic Scroll Shoppe.
 23219 | Orc:2    | Found Cujay's Jewellery Emporium.
 23227 | Orc:2    | Bought a +4 ring of protection for 504 gold pieces
 23227 | Orc:2    | Bought an uncursed amulet of regeneration for 420 gold pieces
 23326 | Orc:2    | Noticed Erolcha
 23331 | Orc:2    | Killed Erolcha
 23344 | Orc:2    | Noticed ANON1729's ghost (journeyman TeCj)
 23345 | Orc:2    | Found Mutyguno's Gadget Shoppe.
 23356 | Orc:2    | Killed ANON1729's ghost
 23673 | Orc:2    | Found a staircase to the Elven Halls.
 23723 | Orc:2    | HP: 1/123 [orc knight/glaive (12)]
 23927 | Orc:2    | Found a bloodstained altar of Trog.
 24446 | D:13     | Reached skill level 20 in Long Blades
 24672 | D:13     | You fall through a shaft for 2 floors!
 24672 | D:15     | Entered Level 15 of the Dungeon
 24723 | D:15     | Found a staircase to the Depths.
 25055 | D:15     | Noticed Agnes
 25066 | D:15     | Killed Agnes
 25135 | D:15     | Got a fine ring mail
 25136 | D:15     | Identified the +1 ring mail of Inviolability {+Blink rF+ Str+2} (You found it on level 15 of the Dungeon)
 25212 | D:15     | HP: 9/187 [something (6)]
 25217 | D:15     | Slain by a centaur warrior

Skill      XL: |  1  2  3  4  5  6  7  8  9 10 11 12 13 14 15 16 |
---------------+-------------------------------------------------+-----
Fighting       | 3 5 8 9 10 11 | 11.2
Long Blades    | 4 5 6 7 9 10 12 14 16 17 19 20 | 20.0
Dodging        | 5 7 9 11 13 15 | 15.0
Invocations    | 2 |  2.9
Armour         | 2 3 |  3.9
Charms         | 4 6 7 8 |  8.2
Necromancy     | 5 |  5.0
Ice Magic      | 5 8 |  8.1
Spellcasting   | 3 5 |  5.1
Throwing       | |  2.0

Action                   |  1- 3 |  4- 6 |  7- 9 | 10-12 | 13-15 | 16-18 || total
-------------------------+-------+-------+-------+-------+-------+-------++-------
Melee: Long sword        |    93 |   157 |   460 |   719 |    13 |       ||  1442
       Tailslap          |       |       |    20 |       |    16 |     1 ||    37
       Great sword       |       |       |       |   191 |   636 |   404 ||  1231
Throw: Throwing net      |     2 |     4 |     1 |     1 |       |       ||     8
       Tomahawk          |       |       |     9 |    14 |     2 |       ||    25
 Cast: Ozocubu's Armour  |       |       |       |       |     2 |     4 ||     6
       Shroud of Golubri |       |       |       |       |     1 |       ||     1
       Regeneration      |       |       |       |       |       |     3 ||     3
Invok: Lesser Servant of |       |       |       |     1 |     1 |       ||     2
  Use: Scroll            |       |     7 |    12 |    11 |    12 |     5 ||    47
       Potion            |       |     1 |     1 |     8 |     3 |     3 ||    16
 Stab: Held in net/web   |     1 |     1 |     2 |       |       |       ||     4
       Distracted        |       |       |       |     2 |     3 |       ||     5
       Sleeping          |       |       |       |       |     2 |     1 ||     3
  Eat: Chunk             |       |     8 |    11 |    29 |    17 |     6 ||    71
       Royal jelly       |       |       |       |     2 |     1 |     1 ||     4
       Meat ration       |       |       |       |       |     1 |       ||     1
Armor: Leather armour    |     6 |       |       |       |       |       ||     6
       Ring mail         |    37 |    48 |   147 |   238 |    24 |       ||   494
       Skin              |       |       |    14 |       |     8 |    16 ||    38
       Steam dragon scal |       |       |       |       |    77 |    80 ||   157
Dodge: Dodged            |    91 |   125 |   428 |   764 |   735 |   487 ||  2630
       Rpst.: Long sword |    23 |    30 |   136 |   154 |     2 |       ||   345
       Great sword       |       |       |       |    58 |   211 |   124 ||   393
